 Dungeon Crawl Stone Soup version 0.19.4-8-ga85b6b9 (webtiles) character file.

60 Jynx the Sneak (level 3, -8/24 HPs)
             Began as a Vampire Enchanter on Feb 11, 2017.
             Killed by divine providence
             ... invoked by an orc priest
              (9 damage)
             ... on level 3 of the Dungeon.
             The game lasted 00:02:45 (2259 turns).

Jynx the Sneak (Vampire Enchanter)                  Turns: 2259, Time: 00:02:46

Health: -8/24      AC:  4    Str:  7    XL:     3   Next: 82%
Magic:  5/6        EV: 13    Int: 17    God:
Gold:   130        SH:  0    Dex: 15    Spells: 3 memorised, 0 levels left

rFire  . . .     SeeInvis +     a - +1 dagger
rCold  . . .     Gourm    .     b - +2 robe
rNeg   + . .     Faith    .     (no shield)
rPois  .         Spirit   .     (no helmet)
rElec  .         Reflect  .     (no cloak)
rCorr  .         Harm     .     (no gloves)
MR     .....                    (no boots)
Stlth  +++.......               (no amulet)
                                (no ring)
                                (no ring)

@: no status effects
A: fangs 3, see invisible, unbreathing
a: Bat Form


You were on level 3 of the Dungeon.
You were not thirsty.

You visited 1 branch of the dungeon, and saw 3 of its levels.

You collected 130 gold pieces.

Inventory:

Hand Weapons
 a - a +1 dagger (weapon)
Armour
 b - a +2 robe (worn)
Jewellery
 f - an uncursed amulet of magic regeneration {unknown}
Scrolls
 h - a scroll of identify
 i - a scroll of recharging
Potions
 d - a potion of blood
 e - 2 potions of heal wounds
 g - a potion of curing
 m - a potion of ambrosia {unknown}
Books
 c - a book of Maledictions

   Spells                             Type                      Level
   a - Corona                         Hexes                        1
   b - Ensorcelled Hibernation        Hexes/Ice                    2
   c - Confuse                        Hexes                        3
   d - Tukima's Dance                 Hexes                        3
   e - Dazzling Spray                 Conjuration/Hexes            3


   Skills:
 * Level 2.4 Short Blades
 + Level 2.8 Dodging
 + Level 5.3 Stealth
 - Level 2.0 Spellcasting
 + Level 5.0 Hexes


You couldn't memorise any spells.
You knew the following spells:

 Your Spells              Type           Power        Failure   Level  Hunger
a - Corona                Hex            ###....      2%          1    #......
b - Ensorcelled Hibernat  Hex/Ice        ##....       12%         2    ###....
c - Confuse               Hex            ###.....     10%         3    ###....


Dungeon Overview and Level Annotations

Branches:
Dungeon (3/15)

Altars:
Kikubaaqudgha


Innate Abilities, Weirdness & Mutations

You have razor-sharp teeth.
You have supernaturally acute eyesight. (SInv)
You can survive without breathing.


Message History

You hit the orc priest.
The orc priest is moderately wounded.
You hit the orc priest. You bite the orc priest.
The orc priest is severely wounded.
The orc priest invokes the aid of Beogh against you.
Beogh smites you!
* * * LOW HITPOINT WARNING * * *
You hit the orc priest but do no damage.
The orc priest is severely wounded.
The orc priest closely misses you.
You hit the orc priest.
The orc priest is almost dead.
The orc priest hits you with a dagger.
* * * LOW HITPOINT WARNING * * *
You hit the orc priest.
The orc priest is almost dead.
The orc priest stops glowing.
The orc priest invokes the aid of Beogh against you.
Beogh smites you!
You die... _..##... ..... . ....... #...# .. ...P.# #...#### # ... ##!...# #.....> .. .P..#.....# #...# ...
PK..gloPo.#

#...# ... #.....PP.S# #.).#
.. .
#.P.....########...####.#....
#.#####.#..o@................
#....†...............##
#.#..................#
#.########...#######.# #.#
#)..# .. #.. #...# # #..
#...# ...# ...... ##.#
.......#


You could see an orc priest.

Vanquished Creatures
  2 adders (D:2)
  A worm (D:2)
  2 dart slugs (D:1)
  2 leopard geckos
  4 orcs
  2 ball pythons
  A giant cockroach (D:2)
  4 goblins
  2 hobgoblins
  4 kobolds
  A bat (D:1)
  4 frilled lizards
  3 rats
32 creatures vanquished.

Notes
Turn   | Place    | Note
-------+----------+-------------------------------------------
     0 | D:1      | Jynx the Vampire Enchanter began the quest for the Orb.
     0 | D:1      | Reached XP level 1. HP: 13/13 MP: 3/3
   313 | D:1      | Reached XP level 2. HP: 18/19 MP: 5/5
   317 | D:1      | Learned a level 2 spell: Ensorcelled Hibernation
   685 | D:2      | Reached XP level 3. HP: 23/24 MP: 6/6
   914 | D:2      | Reached skill level 5 in Stealth
  1380 | D:2      | Learned a level 3 spell: Confuse
  1387 | D:3      | Reached skill level 5 in Hexes
  1596 | D:3      | Found an ancient bone altar of Kikubaaqudgha.
  2258 | D:3      | HP: 1/24 [orc priest/dagger (1)]
  2259 | D:3      | Killed from afar by an orc priest

Skill      XL: |  1  2  3 |
---------------+----------+-----
Short Blades   | 2 |  2.4
Stealth        | 5 |  5.3
Hexes          | 5 |  5.0
Dodging        | |  2.8
Spellcasting   | |  2.0

Action                   || total
-------------------------++-------
Melee: Dagger            ||   147
       Bite              ||    13
 Cast: Corona            ||     5
       Ensorcelled Hiber ||     3
  Use: Scroll            ||     7
       Potion            ||     2
 Stab: Sleeping          ||     6
  Eat: Corpse            ||     7
Armor: Robe              ||    26
Dodge: Dodged            ||    74
